 Dungeon Crawl Stone Soup version 0.31-a0-175-g9f7f995f2b (webtiles) character file.

Game seed: 10908021310912395999

383282 porpoise the End of an Era (level 22, -6/213 HPs)
             Began as a Hill Orc Fighter on June 15, 2023.
             Was the Champion of Qazlal.
             Splashed by a caustic shrike's acid (10 damage)
             ... on level 4 of the Depths on June 18, 2023.
             The game lasted 04:36:13 (50233 turns).

porpoise the End of an Era (Hill Orc Fighter)      Turns: 50233, Time: 04:36:15

Health: -6/213     AC: 16    Str: 28    XL:     22   Next: 93%
Magic:  35/38      EV: 14    Int:  8    God:    Qazlal [******]
Gold:   2938       SH: 21    Dex: 10    Spells: 21/21 levels left

rFire   + + .        a - +4 broad axe (vamp)
rCold   + + +        E - +1 kite shield {reflect}
rNeg    + + .        d - +0 gold dragon scales
rPois   +            A - +0 hat of Zolein {rElec rC+ Stlth+}
rElec   +            n - scarf {rC+ rF+}
rCorr   .            o - +3 pair of gauntlets of War {Slay+5}
SInv    .            H - +1 pair of boots {Fly}
Will    +....        p - amulet "Toetses" {Acrobat rC+ rN++ Dex-2 Slay+3} Stlth
                     R - +5 ring of evasion
HPRegen 0.55/turn    y - +4 ring of protection
MPRegen 0.26/turn

%: repel missiles, reflection, acrobat
@: corroded, flying, studying Unarmed Combat
A: deterioration 1
}: 2/15 runes: barnacled, gossamer
a: Renounce Religion, Upheaval, Elemental Force, Disaster Area


You were on level 4 of the Depths.
You worshipped Qazlal.
Qazlal was exalted by your worship.
You visited 8 branches of the dungeon, and saw 39 of its levels.
You visited the Abyss 2 times.
You visited 1 bazaar.
You also visited: Bailey and Gauntlet.

You collected 6359 gold pieces.
You spent 3421 gold pieces at shops.

Inventory:

Hand Weapons
 a - a +4 vampiric broad axe (weapon)
 b - a +3 heavy broad axe
 w - a +0 eveningstar of holy wrath
Missiles
 l - 31 boomerangs (quivered)
Armour
 d - +0 gold dragon scales (worn)
 n - a scarf of resistance (worn)
 o - the +3 pair of gauntlets of War (worn) {Slay+5}
   (You acquired it on level 1 of the Lair of Beasts)

   Slay:      It affects your accuracy & damage with ranged weapons and melee
   (+5).
 A - the +0 hat of Zolein (worn) {rElec rC+ Stlth+}
   (You found it on level 4 of the Spider Nest)

   rC:        It protects you from cold.
   rElec:     It insulates you from electricity.
   Stlth:     It makes you more stealthy.
 B - +2 storm dragon scales {Bai Suzhen}
 D - a +2 kite shield of poison resistance
 E - a +1 kite shield of reflection (worn)
 H - a +1 pair of boots of flying (worn)
Jewellery
 p - the amulet "Toetses" (around neck) {Acrobat rC+ rN++ Dex-2 Slay+3}
   (You took it off a spriggan air mage on level 1 of the Depths)

   [amulet of the acrobat]

   It increases your evasion while moving and waiting.
   Dex:       It affects your dexterity (-2).
   Slay:      It affects your accuracy & damage with ranged weapons and melee
   (+3).
   rC:        It protects you from cold.
   rN:        It greatly protects you from negative energy.
 r - a +5 ring of evasion
 t - a +5 ring of evasion
 y - a +4 ring of protection (right hand)
 R - a +5 ring of evasion (left hand)
 T - a ring of see invisible
Wands
 I - a wand of flame (46)
 J - a wand of paralysis (30)
 K - a wand of mindburst (32)
 N - a wand of light (15)
 O - a wand of iceblast (25)
 Y - a wand of digging (19)
Scrolls
 c - 2 scrolls of brand weapon
 e - 10 scrolls of teleportation
 f - 5 scrolls of blinking
 j - 5 scrolls of vulnerability
 u - a scroll of silence
 v - 3 scrolls of fog
 C - 6 scrolls of fear
 F - 3 scrolls of revelation
 M - 6 scrolls of poison
 S - a scroll of noise
 W - 2 scrolls of summoning
Potions
 g - 4 potions of heal wounds
 h - 15 potions of curing
 i - 6 potions of enlightenment
 k - 4 potions of lignification
 m - a potion of might
 q - 10 potions of ambrosia
 x - 2 potions of resistance
 z - 3 potions of cancellation
 G - 5 potions of haste
 L - 14 potions of attraction
 P - a potion of brilliance
 U - a potion of berserk rage
Miscellaneous
 s - a condenser vane
 Q - a phantom mirror


   Skills:
 + Level 21.3 Fighting
 - Level 20.0(21.4) Axes
 + Level 11.5(15.6) Maces & Flails
 - Level 6.0 Throwing
 + Level 16.5 Armour
 - Level 12.0 Dodging
 - Level 15.0 Shields
 - Level 24.0 Invocations
 - Level 9.0 Evocations


You had 21 spell levels left.
You didn't know any spells.
Your spell library contained the following spells:

 Spells                   Type           Power      Damage    Failure   Level
 Apportation              Tloc           0%         N/A       100%        1
 Foxfire                  Conj/Fire      0%         2x1d4     100%        1
 Freeze                   Ice            0%         1d3       100%        1
 Magic Dart               Conj           0%         1d3       100%        1
 Necrotise                Necr           0%         1d4       100%        1
 Sandblast                Erth           0%         2d4       100%        1
 Summon Small Mammal      Summ           0%         N/A       100%        1
 Call Imp                 Summ           0%         N/A       100%        2
 Cigotuvi's Dreadful Rot  Necr/Pois/Air  0%         N/A       100%        2
 Scorch                   Fire           0%         2d5       100%        2
 Static Discharge         Conj/Air       0%         2-2/arc   100%        2
 Sublimation of Blood     Necr           0%         N/A       100%        2
 Wereblood                Tmut           0%         N/A       100%        2
 Frozen Ramparts          Ice            0%         1d1       100%        3
 Hailstorm                Conj/Ice       0%         3d3       100%        3
 Ignite Poison            Fire/Tmut/Pois 0%         N/A       100%        3
 Inner Flame              Hex/Fire       0%         N/A       100%        3
 Mephitic Cloud           Conj/Pois/Air  0%         N/A       100%        3
 Stone Arrow              Conj/Erth      0%         3d7       100%        3
 Vampiric Draining        Necr           0%         2d6       100%        3
 Airstrike                Air            0%         2d(0-16)  100%        4
 Animate Armour           Summ/Erth      0%         N/A       100%        4
 Cause Fear               Hex            0%         N/A       100%        4
 Dispel Undead            Necr           0%         3d6       100%        4
 Flame Wave               Conj/Fire      0%         2d4       100%        4
 Fulminant Prism          Conj/Hex       0%         3d5       100%        4
 Petrify                  Tmut/Erth      0%         N/A       100%        4
 Sticky Flame             Conj/Fire      0%         2d3       100%        4
 Summon Lightning Spire   Summ/Air       0%         N/A       100%        4
 Agony                    Necr           0%         N/A       100%        5
 Alistair's Intoxication  Tmut/Pois      0%         N/A       100%        5
 Blade Hands              Tmut           0%         N/A       100%        5
 Fireball                 Conj/Fire      0%         3d3       100%        5
 Freezing Cloud           Conj/Ice/Air   0%         6-21      100%        5
 Irradiate                Conj/Tmut      0%         3d11      100%        5
 Iskenderun's Battlesphe  Conj           0%         2d6       100%        5
 Summon Mana Viper        Hex/Summ       0%         N/A       100%        5
 Conjure Ball Lightning   Conj/Air       0%         3x3d6     100%        6
 Plasma Beam              Fire/Air       0%         2x1d10    100%        6
 Starburst                Conj/Fire      0%         6d3       100%        6
 Summon Cactus Giant      Summ           0%         N/A       100%        6
 Dragon Form              Tmut           0%         N/A       100%        7
 Orb of Destruction       Conj           0%         9d5       100%        7
 Summon Hydra             Summ           0%         N/A       100%        7
 Borgnjor's Revivificati  Necr           0%         N/A       100%        8
 Necromutation            Tmut/Necr      0%         N/A       100%        8
 Death's Door             Necr           0%         N/A       100%        9
 Dragon's Call            Summ           0%         N/A       100%        9
 Shatter                  Erth           0%         3d5*      100%        9


Dungeon Overview and Level Annotations

Branches:
Dungeon (15/15)            Temple (1/1) D:5            Lair (5/5) D:9
 Shoals (4/4) Lair:2       Spider (4/4) Lair:2        Slime (0/5) Lair:5
    Orc (2/2) D:12            Elf (0/3) Orc:2        Vaults (4/5) D:13
  Crypt (0/3) Vaults:2     Depths (4/4) D:15         Bailey (visited)
Gauntlet (visited)
    Zot: Depths:4

Altars:
Ashenzari
Cheibriados
Dithmenos
Elyvilon
Fedhas
Gozag
Hepliaklqana
Kikubaaqudgha
Makhleb
Nemelex Xobeh
Okawaru
Qazlal
Ru
Sif Muna
Trog
Uskayaw
Vehumet
Wu Jian
Xom
Yredelemnul
Zin
The Shining One
Beogh
Jiyva
Lugonu

Shops:
D:7 **   D:12 (   Orc:2 [=([**   Shoals:2 [(((   Vaults:1 =   Vaults:2 ((((
Vaults:3 [   Vaults:4 =   Depths:2 (

Portals:
Hell: Depths:1 Depths:2 Depths:3
Abyss: Depths:3
Pandemonium: Depths:2 Depths:3
Ziggurat: Depths:2
Trove: D:14 (give 7 potions of haste)

Annotations:
Spider:1 1 runed translucent door, SigmundSlayer's ghost, adept DgHu
Orc:2 exclusion: 2 upstairs
Vaults:4 exclusion: 4 downstairs


Innate Abilities, Weirdness & Mutations

Your body sometimes deteriorates upon taking damage.


Message History

Your earth elemental barely misses the caustic shrike.
You hit the caustic shrike.
The caustic shrike is heavily wounded.
You hit the caustic shrike but do no damage.
You hit the caustic shrike.
You feel better.
You block the caustic shrike's attack. x2
The caustic shrike barely misses you.
Your fire elemental misses the caustic shrike.
The caustic shrike claws you but does no damage.
The caustic shrike claws you!
You are splashed with acid!
* * * LOW HITPOINT WARNING * * *
The caustic shrike barely misses you.
You hit the caustic shrike.
The caustic shrike is heavily wounded.
You closely miss the caustic shrike. You slash the caustic shrike!
The caustic shrike claws you!
* * * LOW HITPOINT WARNING * * *
You are splashed with acid!
* * * LOW HITPOINT WARNING * * *
You block the caustic shrike's attack. The caustic shrike claws you!
* * * LOW HITPOINT WARNING * * *
You are splashed with acid!
* * * LOW HITPOINT WARNING * * *
Your fire elemental hits the caustic shrike.
Your fire elemental burns the caustic shrike!
The caustic shrike resists.
Your earth elemental hits the caustic shrike!!
You feel much better.
Your earth elemental disappears in a puff of smoke!
You block the caustic shrike's attack. x2; The caustic shrike claws you!!
* * * LOW HITPOINT WARNING * * *
The acid corrodes you!
You are splashed with acid!
* * * LOW HITPOINT WARNING * * *
Your fire elemental hits the caustic shrike.
Your fire elemental burns the caustic shrike!
The caustic shrike resists.
The caustic shrike closely misses you. The caustic shrike claws you.
* * * LOW HITPOINT WARNING * * *
You are splashed with acid!
You die...

###+## ##
.....## .
#...#.#.#
#...#.#.
#.8.#ii #
#.§.#.#
#.#b@)#.#
#Dbb○)##
###E###
##...##
#.....#
#8.<.8#
#.....#
##.8.##
#####


You could see 3 caustic shrikes, an ice dragon and a friendly fire elemental
(summoned).

Vanquished Creatures
  A juggernaut (Depths:2)
  Bai Suzhen (Shoals:3)
  6 caustic shrikes
  3 golden dragons
  Zenata (Vaults:2)
  A walking crystal tome (Depths:2)
  Jorgrun (D:13)
  A walking earthen tome (Depths:1)
  3 liches
  Asterion (Depths:2)
  A walking divine tome (Depths:2)
  2 walking frostbound tomes
  3 titans
  3 sphinxes
  Polyphemus (Shoals:3)
  4 tentacled starspawn
  An ancient champion (Vaults:2)
  3 shadow dragons
  4 tengu reavers
  Donald (Vaults:1)
  2 storm dragons
  A fenstrider witch (shapeshifter) (Depths:2)
  Ilsuiw (Shoals:3)
  An iron dragon (Depths:1)
  5 vault wardens
  4 fire giants
  5 ghost moths
  7 emperor scorpions
  A balrug (Depths:3)
  7 frost giants
  Aizul (Depths:1)
  An angel (Shoals:3)
  3 orc warlords
  10 ironbound preservers
  Louise (Shoals:3)
  3 spriggan defenders
  A war gargoyle (Vaults:2)
  18 very ugly things
  The ghost of rabbitsville the Warrior, a journeyman HOMo of Beogh (Orc:2)
  A broodmother (Spider:2)
  15 stone giants
  4 vampire knights
  3 formless jellyfish
  13 ironbound thunderhulks
  Nessos (Orc:1)
  3 spark wasps
  A minotaur (Gauntlet)
  15 dire elephants
  A lorocyproca (Depths:2)
  A deep elf death mage (Vaults:2)
  2 eidola (Vaults:2)
  4 ettins
  Josephine (D:11)
  5 merfolk impalers
  7 merfolk javelineers
  7 yaktaur captains
  5 fire dragons
  5 entropy weavers
  4 great orbs of eyes
  A deep elf high priest (Vaults:4)
  2 crystal guardians (Vaults:2)
  2 vault guards (Vaults:4)
  4 ice dragons
  An alligator snapping turtle (Shoals:3)
  A spriggan skeleton (Depths:1)
  A catoblepas (Shoals:3)
  A rakshasa (Depths:3)
  2 radroaches
  3 jorogumos
  5 merfolk avatars
  11 centaur warriors
  6 hydras
  3 peacekeepers
  2 boulder beetles
  A spriggan air mage (Depths:1)
  A merfolk aquamancer (Shoals:3)
  A death knight (D:13)
  3 two-headed ogres
  5 ironbound frosthearts
  3 death yaks (Shoals:3)
  9 demonic crawlers
  A satyr (Shoals:4)
  9 death scarabs
  3 vampire magi (Depths:3)
  7 deep troll earth magi
  3 deep troll shamans (Depths:3)
  An orc high priest (Orc:2)
  11 tengu warriors
  Urug (D:13)
  A thrashing horror (Abyss:2)
  A spriggan (Depths:4)
  3 hell knights
  A soul eater (Depths:1)
  A wretched star (Abyss:2)
  A fire crab (D:9)
  6 skeletal warriors
  Sonja (Lair:2)
  A fire crab (shapeshifter) (Vaults:2)
  2 sixfirhies
  A sun demon (Depths:3)
  Lodul (D:13)
  A spectral death yak (Gauntlet)
  5 iron trolls
  4 skysharks
  13 pharaoh ants
  17 sea snakes
  2 sun moths
  6 glowing orange brains
  A storm dragon skeleton (Vaults:2)
  8 orb spiders
  A swamp dragon (shapeshifter) (Vaults:2)
  4 flayed ghosts
  A glowing orange brain (shapeshifter) (Vaults:4)
  30 deep trolls
  10 ironbound convokers
  3 phantasmal warriors
  A steelbarb worm (shapeshifter) (Depths:3)
  6 wizards
  4 deep elf pyromancers
  8 harpies
  6 steelbarb worms
  12 lindwurms
  13 orc knights
  A golden dragon skeleton (D:15)
  3 necromancers
  2 frost giant zombies
  2 shining eyes (Depths:2)
  16 wolf spiders
  40 ugly things
  3 orc sorcerers (Orc:2)
  7 cyclopes
  2 wolf spider zombies (Spider:4)
  4 moths of wrath
  12 manticores
  A wolf spider (shapeshifter) (Depths:2)
  4 fauns
  A broodmother zombie (Spider:4)
  A manticore (shapeshifter) (Depths:3)
  Joseph (D:8)
  9 elephants
  7 black mambas
  2 rust devils
  8 water nymphs
  10 torpor snails
  17 vault sentinels
  7 merfolk sirens
  A gargoyle (D:11)
  2 kobold demonologists (D:11)
  A rime drake (Lair:5)
  8 cane toads
  An orange demon (Abyss:2)
  2 ice devils
  3 redback zombies (Spider:4)
  8 komodo dragons
  23 yaktaurs
  5 tengu conjurers
  A queen bee (Spider:2)
  9 meliai
  A spectral jumping spider (Spider:4)
  4 tyrant leeches (Lair:5)
  A polar bear (Lair:2)
  2 spectral culicivoras (Spider:4)
  7 trolls
  24 merfolk
  9 hornets
  2 hellwings
  A wind drake (Shoals:2)
  24 tarantellas
  4 blink frogs (Lair:4)
  2 spectral tarantellas (Spider:4)
  A tarantella zombie (Spider:4)
  A spectral lindwurm (Gauntlet)
  5 snapping turtles
  2 jumping spider zombies (Spider:4)
  A culicivora zombie (Spider:4)
  5 dream sheep
  An ettin zombie (D:15)
  37 jumping spiders
  29 slime creatures
  24 culicivoras
  3 shadows
  3 centaur simulacra (Gauntlet)
  3 wyverns
  2 large abominations
  Sigmund (D:3)
  8 wraiths
  A ynoxinul (Abyss:1)
  2 hogs (D:13)
  19 water elementals
  5 basilisks
  45 yaks
  3 steam dragons
  A neqoxec (Abyss:2)
  45 redbacks
  6 vampire mosquitoes
  A spectral cane toad (Gauntlet)
  4 wargs
  2 glowing shapeshifter zombies
  A naga (shapeshifter) (D:15)
  A tengu zombie (Depths:1)
  A glowing shapeshifter skeleton (Depths:1)
  3 hell hounds (Abyss:1)
  5 acid dragons
  5 water moccasins
  36 orc warriors
  A floating eye (Depths:2)
  A sky beast (D:8)
  6 boggarts
  2 black bears
  14 ogres
  4 small abominations
  15 wolves
  18 centaurs
  7 starcursed masses
  2 human skeletons (Vaults:2)
  2 phantoms
  12 bullfrogs
  2 kobold brigands
  A gnoll sergeant (D:12)
  4 scorpions
  A cane toad simulacrum (Gauntlet)
  8 wights
  41 killer bees
  8 howler monkeys
  2 iron imps (Abyss:1)
  4 hounds
  2 jellies
  29 orc priests
  2 sleepcaps
  4 iguanas
  29 orc wizards
  17 gnolls
  10 adders
  4 white imps
  4 ufetubi
  A worm (D:2)
  6 dart slugs
  106 orcs
  7 ball pythons
  3 endoplasms
  4 giant cockroaches
  10 hobgoblins
  7 jackals
  4 quokkas
  10 bats
  5 frilled lizards
  4 goblins
  25 kobolds
  2 rats
  A spectral weapon (Depths:2)
  5 starspawn tentacles (Abyss:1)
1566 creatures vanquished.

Vanquished Creatures (collateral kills)
  A titan (Depths:2)
  Gastronok (Lair:2)
  Kirke (D:13)
  An orc warlord (Vaults:2)
  An ironbound preserver (Vaults:2)
  A very ugly thing (Depths:2)
  The ghost of Lioraxon the Black Belt, a journeyman OpWn of Gozag (Lair:3)
  2 merfolk javelineers (Shoals:4)
  A spriggan air mage (Depths:2)
  A centaur warrior (D:14)
  2 merfolk aquamancers (Shoals:4)
  An obsidian statue (Orc:2)
  A deep elf pyromancer (D:15)
  4 ugly things (D:15)
  A vault sentinel (Vaults:2)
  A water nymph (Shoals:4)
  2 slime creatures (D:14)
  A wraith (D:14)
  An orc warrior (Orc:2)
  A boggart (D:15)
  A centaur (D:14)
27 creatures vanquished.

Vanquished Creatures (others)
  2 wizards
  A yak (D:12)
  An orc (Orc:2)
  10 starspawn tentacles
14 creatures vanquished.

Grand Total: 1607 creatures vanquished

Notes
Turn   | Place    | Note
-------+----------+-------------------------------------------
     0 | D:1      | porpoise the Hill Orc Fighter began the quest for the Orb.
     0 | D:1      | Reached XP level 1. HP: 19/19 MP: 1/1
    31 | D:1      | Found a faded altar of an unknown god.
   250 | D:1      | Reached XP level 2. HP: 27/27 MP: 2/2
   678 | D:2      | Reached XP level 3. HP: 31/33 MP: 3/3
   914 | D:2      | Reached XP level 4. HP: 41/41 MP: 4/4
  1004 | D:2      | Reached skill level 5 in Axes
  1229 | D:2      | Reached XP level 5. HP: 47/47 MP: 5/5
  1652 | D:3      | Noticed Sigmund
  1663 | D:3      | Killed Sigmund
  1664 | D:3      | Reached skill level 5 in Fighting
  1664 | D:3      | Reached XP level 6. HP: 47/56 MP: 6/6
  1822 | D:3      | Identified the +0 chain mail of Anuahur {Will+ Str-3 Dex+9}
  2816 | D:4      | Reached XP level 7. HP: 60/63 MP: 7/7
  3298 | D:5      | Entered Level 5 of the Dungeon
  3338 | D:5      | Found a staircase to the Ecumenical Temple.
  3596 | D:5      | Found a broken altar of Ashenzari.
  3600 | D:5      | Found an opulent altar of Gozag.
  3600 | D:5      | Found a bloodstained altar of Trog.
  3678 | D:5      | Reached XP level 8. HP: 70/73 MP: 8/8
  3866 | D:5      | Found a blossoming altar of Fedhas.
  4039 | D:5      | Reached skill level 10 in Axes
  4141 | Temple   | Entered the Ecumenical Temple
  4290 | Temple   | Became a worshipper of Qazlal Stormbringer
  4333 | D:5      | Found a radiant altar of Vehumet.
  4347 | D:5      | Found an ancient bone altar of Kikubaaqudgha.
  4361 | D:5      | Got Kikubaaqudgha's Catalogue of Death
  4369 | D:5      | Found a shimmering blue altar of Sif Muna.
  4881 | D:6      | Found a sacrificial altar of Ru.
  5014 | D:6      | Found the amulet of Elemental Vulnerability {rPois rF--
                  | rC-- AC+8}
  6152 | D:7      | Reached * piety under Qazlal
  6173 | D:7      | Reached skill level 1 in Invocations
  6173 | D:7      | Reached XP level 9. HP: 76/82 MP: 9/9
  6173 | D:7      | Found Upokenaz's Specific Store.
  6177 | D:7      | Found Katyxeaff's General Store.
  6276 | D:7      | Reached skill level 2 in Invocations
  6690 | D:8      | Noticed a +0 hand axe
  6690 | D:8      | Noticed a +0 hand axe
  6690 | D:8      | Found a hide-covered altar of Uskayaw.
  6763 | D:8      | Reached skill level 3 in Invocations
  6971 | D:8      | Reached skill level 4 in Invocations
  7372 | D:8      | You fall into a shaft and drop 3 floors!
  7414 | D:11     | Noticed Josephine
  7426 | D:11     | Killed Josephine
  7427 | D:11     | Reached skill level 5 in Armour
  7427 | D:11     | Reached skill level 5 in Invocations
  7427 | D:11     | Reached XP level 10. HP: 66/91 MP: 12/14
  7433 | D:11     | Reached skill level 6 in Invocations
  7524 | D:11     | Reached ** piety under Qazlal
  7667 | D:11     | Noticed a kobold demonologist
  7669 | D:11     | Noticed a kobold demonologist
  7683 | D:11     | Killed a kobold demonologist
  7684 | D:11     | Reached skill level 7 in Invocations
  7687 | D:11     | Noticed a sun demon
  7699 | D:11     | Killed a kobold demonologist
  7825 | D:11     | Noticed a gargoyle
  7842 | D:11     | Killed a gargoyle
  7843 | D:11     | Reached skill level 8 in Invocations
  7999 | D:11     | Noticed a cyclops
  8011 | D:11     | Killed a cyclops
  8012 | D:11     | Reached skill level 1 in Dodging
  8031 | D:10     | Entered Level 10 of the Dungeon
  8034 | D:10     | Found a flagged portal.
  8051 | Bailey   | Entered a bailey
  8276 | Bailey   | Noticed an orc knight
  8457 | Bailey   | Reached skill level 9 in Invocations
  8459 | Bailey   | Killed an orc knight
  8472 | Bailey   | Reached XP level 11. HP: 60/97 MP: 18/18
  8484 | Bailey   | Reached skill level 10 in Invocations
  8613 | D:10     | Reached *** piety under Qazlal
  8614 | D:10     | Reached skill level 5 in Shields
  8896 | D:9      | Noticed a two-headed ogre
  8905 | D:9      | Killed a two-headed ogre
  8910 | D:9      | Reached skill level 11 in Invocations
  9388 | D:8      | Found an ornate altar of the Wu Jian Council.
  9504 | D:8      | Noticed Joseph
  9512 | D:8      | Killed Joseph
  9517 | D:8      | Found a sparkling altar of Nemelex Xobeh.
  9865 | D:9      | Noticed a fire crab
  9866 | D:9      | Found a staircase to the Lair.
  9882 | D:9      | Killed a fire crab
 10182 | D:9      | Noticed a manticore
 10193 | D:9      | Killed a manticore
 10194 | D:9      | Reached skill level 12 in Invocations
 10671 | D:10     | Noticed a two-headed ogre
 10683 | D:10     | Killed a two-headed ogre
 10795 | D:10     | Reached skill level 13 in Invocations
 11063 | Lair:1   | Entered Level 1 of the Lair of Beasts
 11074 | Lair:1   | Reached XP level 12. HP: 102/104 MP: 21/21
 11096 | Lair:1   | Reached skill level 1 in Evocations
 11142 | Lair:1   | Reached **** piety under Qazlal
 11404 | Lair:1   | Reached skill level 5 in Dodging
 11690 | Lair:1   | Identified the +0 chain mail of the Orb {rC+ rCorr Str+3}
 11856 | Lair:1   | Reached skill level 14 in Invocations
 12075 | Lair:2   | Noticed a six-headed hydra
 12083 | Lair:2   | Killed a six-headed hydra
 12245 | Lair:2   | Found a hole to the Spider Nest.
 12257 | Lair:2   | Noticed Sonja
 12268 | Abyss:1  | Cast into level 1 of the Abyss (Sonja)
 12294 | Abyss:1  | Noticed a tentacled starspawn
 12305 | Abyss:1  | Killed a tentacled starspawn
 12306 | Abyss:1  | Reached skill level 10 in Fighting
 12354 | Abyss:1  | Noticed a tentacled starspawn
 12364 | Abyss:1  | Killed a tentacled starspawn
 12365 | Abyss:1  | Reached skill level 5 in Evocations
 12389 | Abyss:1  | Reached skill level 15 in Invocations
 12399 | Abyss:1  | Noticed a starcursed mass
 12409 | Abyss:1  | Paralysed by accursed screaming for 1 turns
 12417 | Abyss:1  | Reached ***** piety under Qazlal
 12434 | Abyss:1  | Noticed a tentacled starspawn
 12445 | Abyss:1  | Killed a tentacled starspawn
 12446 | Abyss:1  | Reached XP level 13. HP: 64/116 MP: 24/24
 12450 | Lair:2   | Escaped the Abyss
 12469 | Lair:2   | Killed Sonja
 12629 | Lair:2   | Found a staircase to the Shoals.
 12787 | Lair:2   | Noticed Gastronok
 12805 | Lair:2   | Killed Gastronok
 13220 | Lair:2   | Found a blossoming altar of Fedhas.
 13549 | Lair:3   | Reached skill level 16 in Invocations
 14199 | Lair:3   | Found a large runed translucent door.
 14200 | Lair:3   | Found a large runed translucent door.
 14285 | Lair:3   | Noticed Lioraxon's ghost (journeyman OpWn)
 14480 | Lair:3   | Killed Lioraxon's ghost
 14658 | Lair:1   | Identified 2 scrolls of acquirement
 14670 | Lair:1   | Acquired a ring of poison resistance
 14672 | Lair:1   | Acquired the +3 pair of gauntlets of War {Slay+5}
 14672 | Lair:1   | Found the +3 pair of gauntlets of War {Slay+5}
 14986 | Lair:4   | Got the Secrets of Terra Firma
 15064 | Lair:4   | Reached skill level 15 in Axes
 15868 | Lair:5   | Entered Level 5 of the Lair of Beasts
 15887 | Lair:5   | Reached XP level 14. HP: 114/126 MP: 26/26
 16236 | Lair:5   | Got the Tractate on Sculpting
 16373 | Lair:5   | Found a viscous altar of Jiyva.
 16376 | Lair:5   | Found a staircase to the Slime Pits.
 16705 | Lair:5   | Found a runed translucent door.
 16756 | Lair:5   | Paralysed by a hornet for 1 turns
 16764 | Lair:5   | Reached skill level 1 in Throwing
 17449 | D:11     | Found a stormy altar of Qazlal.
 17781 | D:12     | Found Toeninorgh's Weapon Shop.
 17783 | D:12     | Found a staircase to the Orcish Mines.
 17842 | D:12     | Reached ****** piety under Qazlal
 17916 | D:12     | Found a flickering gateway to a bazaar.
 17925 | Bazaar   | Entered a bazaar
 17928 | Bazaar   | Found Boryahu's Antique Weapon Shop.
 17942 | Bazaar   | Found Taanuwk Nada's Distillery.
 17966 | Bazaar   | Found Owesuod's Jewellery Shop.
 17984 | Bazaar   | Found Ponatwol's Armour Boutique.
 18026 | Bazaar   | Bought a potion of heal wounds for 75 gold pieces
 18026 | Bazaar   | Bought a potion of enlightenment for 75 gold pieces
 18026 | Bazaar   | Bought 2 potions of mutation for 240 gold pieces
 18026 | Bazaar   | Bought a potion of berserk rage for 75 gold pieces
 18026 | Bazaar   | Bought a potion of resistance for 150 gold pieces
 18026 | Bazaar   | Bought a potion of heal wounds for 75 gold pieces
 18051 | Bazaar   | Bought 2 potions of attraction for 90 gold pieces
 18097 | D:12     | Found a gate leading to a gauntlet.
 18136 | Gauntlet | Entered a Gauntlet
 18136 | Gauntlet | Found a transporter.
 18136 | Gauntlet | Found a transporter.
 18154 | Gauntlet | Found a transporter.
 18158 | Gauntlet | Found a transporter.
 18166 | Gauntlet | Found a transporter.
 18170 | Gauntlet | Found a transporter.
 18178 | Gauntlet | Found a transporter.
 18195 | Gauntlet | Found a transporter.
 18210 | Gauntlet | Found a transporter.
 18214 | Gauntlet | Found a transporter.
 18222 | Gauntlet | Found a transporter.
 18226 | Gauntlet | Found a transporter.
 18862 | D:12     | Found an iron altar of Okawaru.
 19361 | D:13     | Noticed Urug
 19366 | D:13     | Killed Urug
 19497 | D:13     | Noticed Jorgrun
 19519 | D:13     | Reached skill level 10 in Armour
 19519 | D:13     | Reached XP level 15. HP: 123/132 MP: 22/27
 19520 | D:13     | Killed Jorgrun
 19605 | D:13     | Found a gate to the Vaults.
 19632 | D:13     | Identified the +0 ring mail of Lightning Storm {Regen+
                  | rCorr MP-9 Str+3}
 19781 | D:13     | Reached skill level 5 in Throwing
 19834 | D:13     | Noticed Lodul
 19843 | D:13     | Noticed Kirke
 19847 | D:13     | Killed Lodul
 19857 | D:13     | Noticed a sphinx
 20073 | D:13     | Killed Kirke
 20974 | D:14     | Found a portal to a secret trove of treasure.
 20998 | D:14     | Noticed a tengu reaver
 20999 | D:14     | Found the +1 robe of Vines {NoPotionHeal Regen++++}
 21024 | D:14     | Killed a tengu reaver
 21067 | D:14     | Identified the +0 plate armour of Tentacled Joy {Harm SInv}
 21168 | D:15     | Entered Level 15 of the Dungeon
 21339 | D:15     | Reached skill level 17 in Invocations
 21513 | D:15     | Found a staircase to the Depths.
 22240 | Orc:1    | Entered Level 1 of the Orcish Mines
 22400 | Orc:2    | Entered Level 2 of the Orcish Mines
 22409 | Orc:2    | Noticed Nessos
 22422 | Orc:1    | Killed Nessos
 22798 | Orc:2    | Found a roughly hewn altar of Beogh.
 23001 | Orc:2    | Found a roughly hewn altar of Beogh.
 23030 | Orc:2    | Found a roughly hewn altar of Beogh.
 23032 | Orc:2    | Found Guekuanu's Antique Armour Shop.
 23055 | Orc:2    | Reached XP level 16. HP: 131/143 MP: 28/28
 23138 | Orc:2    | Bought a runed scarf for 256 gold pieces
 23151 | Orc:2    | Found a roughly hewn altar of Beogh.
 23167 | Orc:2    | Found a staircase to the Elven Halls.
 23195 | Orc:1    | Found a roughly hewn altar of Beogh.
 23315 | Orc:2    | Found a roughly hewn altar of Beogh.
 23316 | Orc:2    | Found Issakama's Jewellery Shoppe.
 23369 | Orc:2    | Found a roughly hewn altar of Beogh.
 23403 | Orc:2    | Found a runed translucent gate.
 23403 | Orc:2    | Found a runed translucent gate.
 23403 | Orc:2    | Found a runed translucent gate.
 23404 | Orc:2    | Noticed rabbitsville's ghost (journeyman HOMo)
 23405 | Orc:2    | Found an opulent altar of Gozag.
 23409 | Orc:2    | Found Xoaliyph's Assorted Antiques.
 23859 | Orc:2    | Found Ihaykadu's Antique Armour Boutique.
 23860 | Orc:2    | Found a roughly hewn altar of Beogh.
 23861 | Orc:2    | Found Qaitoemn's Antique Weapon Shop.
 23874 | Orc:2    | Bought a broad axe for 124 gold pieces
 23874 | Orc:2    | Bought a dazzling flail for 263 gold pieces
 23874 | Orc:2    | Identified the +6 flail of Salt {flame, rElec rCorr} (You
                  | bought it in a shop on level 2 of the Orcish Mines)
 23880 | Orc:2    | Bought a pair of glowing boots for 292 gold pieces
 23880 | Orc:2    | Bought an embroidered scarf for 312 gold pieces
 24025 | Orc:2    | Found Tubai's Assorted Antiques.
 24036 | Orc:2    | Killed rabbitsville's ghost
 24378 | Spider:1 | Entered Level 1 of the Spider Nest
 24882 | Spider:1 | Reached skill level 18 in Invocations
 25098 | Spider:1 | Found a runed translucent door.
 25777 | Spider:1 | Found a shimmering altar of Xom.
 25777 | Spider:1 | Noticed SigmundSlayer's ghost (adept DgHu)
 27081 | Spider:2 | Reached skill level 10 in Shields
 27170 | Spider:2 | Reached skill level 19 in Invocations
 27439 | Orc:2    | Bought a scroll of enchant weapon for 210 gold pieces
 27728 | Spider:2 | Reached XP level 17. HP: 152/152 MP: 30/30
 28902 | Spider:3 | Reached skill level 20 in Invocations
 29234 | Spider:4 | Entered Level 4 of the Spider Nest
 29885 | Spider:4 | Reached skill level 15 in Fighting
 29975 | Spider:4 | Reached skill level 21 in Invocations
 30180 | Spider:4 | HP: 6/150 [spectral jumping spider (3)]
 30181 | Spider:4 | Reached XP level 18. HP: 5/158 MP: 32/32
 30396 | Spider:4 | Identified the +0 hat of Zolein {rElec rC+ Stlth+}
 30406 | Spider:4 | Got a gossamer rune of Zot
 31469 | Lair:1   | Upgraded the game from 0.31-a0-167-g1c394c0614 to
                  | 0.31-a0-174-g85c54bcb58
 31548 | Shoals:1 | Entered Level 1 of the Shoals
 32786 | Shoals:1 | Identified the +1 rapier "Spiderslayer" {drain, rPois rC+}
 33143 | Shoals:2 | Found Isouv's Weapon Emporium.
 33594 | Shoals:2 | Found Kutepn's Antique Weapon Boutique.
 33654 | Shoals:2 | Found Fekuis's Antique Weapon Emporium.
 33712 | Shoals:2 | Found Pulenyd's Armour Shop.
 34211 | Shoals:3 | Reached skill level 10 in Dodging
 34237 | Shoals:3 | Identified the +10 whip "Zorap" {venom, rN+ Stlth+}
 34245 | Shoals:3 | Noticed Ilsuiw
 34264 | Shoals:3 | Noticed Louise
 34273 | Shoals:3 | Killed Ilsuiw
 34277 | Abyss:2  | Cast into level 2 of the Abyss (Louise)
 34409 | Shoals:3 | Escaped the Abyss
 34428 | Shoals:3 | Killed Louise
 34610 | Shoals:3 | Noticed Polyphemus
 34620 | Shoals:3 | Killed Polyphemus
 35159 | Shoals:3 | Noticed Bai Suzhen
 35179 | Shoals:3 | Killed Bai Suzhen
 35546 | Shoals:4 | Entered Level 4 of the Shoals
 35919 | Shoals:4 | Reached XP level 19. HP: 172/172 MP: 33/33
 36337 | Shoals:4 | Got a barnacled rune of Zot
 36561 | Shoals:4 | Identified the +7 ring mail "Difyduve" {+Inv Regen+ Str+3
                  | Int-4}
 37385 | Vaults:1 | Entered Level 1 of the Vaults
 37687 | Vaults:1 | Noticed Donald
 37698 | Vaults:1 | Killed Donald
 37989 | Vaults:1 | Identified the +10 rapier of Hacking and Slashing {drain,
                  | rCorr MP+9 Int-5 Stlth+}
 38507 | Vaults:1 | Reached skill level 22 in Invocations
 38777 | Vaults:1 | Found Curoum Poige's Jewellery Shop.
 39427 | Vaults:2 | Found Joorux's Antique Weapon Shoppe.
 39928 | Vaults:2 | Reached XP level 20. HP: 139/174 MP: 35/35
 39957 | Vaults:2 | Paralysed by a great orb of eyes for 3 turns
 39965 | Vaults:2 | Reached skill level 15 in Shields
 39966 | Vaults:2 | Noticed Zenata
 40101 | Vaults:2 | Killed Zenata
 40237 | Vaults:2 | Found a staircase to the Crypt.
 40443 | Vaults:2 | Found Pezum's Weapon Emporium.
 40444 | Vaults:2 | Found Geyb's Antique Weapon Shoppe.
 40542 | Vaults:2 | Found Wiclo's Antique Weapon Shop.
 41228 | Vaults:3 | Found Cosup's Antique Armour Boutique.
 41232 | Vaults:3 | Bought a distressingly furry plate armour for 896 gold
                  | pieces
 41232 | Vaults:3 | Identified the +0 plate armour of Odaicup {rElec Str+3}
                  | (You bought it in a shop on level 3 of the Vaults)
 41232 | Vaults:3 | Bought a twisted scale mail for 288 gold pieces
 41232 | Vaults:3 | Identified the +3 scale mail "Tugel" {Harm Dex+3} (You
                  | bought it in a shop on level 3 of the Vaults)
 42420 | Vaults:4 | Reached skill level 23 in Invocations
 42591 | Vaults:4 | Reached skill level 1 in Maces & Flails
 42633 | Vaults:4 | Found Likhano's Jewellery Shop.
 42981 | Vaults:4 | Reached XP level 21. HP: 194/194 MP: 36/36
 43826 | Depths:1 | Entered Level 1 of the Depths
 43854 | Depths:1 | Upgraded the game from 0.31-a0-174-g85c54bcb58 to
                  | 0.31-a0-175-g9f7f995f2b
 43995 | Depths:1 | Noticed Aizul
 44017 | Depths:1 | Killed Aizul
 44432 | Depths:1 | Identified the amulet "Toetses" {Acrobat rC+ rN++ Dex-2
                  | Slay+3}
 44460 | Depths:1 | Reached skill level 5 in Maces & Flails
 44544 | Depths:1 | Identified the +4 spear of Oteruupe {flame, rPois rC+}
 44813 | Depths:1 | Found a gateway to Hell.
 45283 | Depths:2 | You are sucked into a shaft and drop 1 floor!
 45305 | Depths:3 | Reached skill level 15 in Armour
 45437 | Depths:3 | Noticed a caustic shrike
 45448 | Depths:3 | Killed a caustic shrike
 45678 | Depths:3 | Found the +16 obsidian axe {drain, demonic, Mesm Drain Fly
                  | SInv}
 45697 | Depths:3 | Noticed a caustic shrike
 45707 | Depths:3 | Killed a caustic shrike
 45986 | Depths:3 | Identified the +7 flail of the Lonely Xalams {protect, Fly
                  | Will+}
 46182 | Depths:3 | Identified the amulet "Laikhoppadd" {RegenMP Str+4 Int+3}
 46316 | Depths:3 | Found a one-way gate leading to the halls of Pandemonium.
 46418 | Depths:3 | Got the Tome of Befouled Abominable Secrets
 46765 | Depths:2 | Found Muetepay's Antique Weapon Shop.
 46806 | Depths:2 | Reached XP level 22. HP: 207/209 MP: 37/37
 46883 | Depths:2 | Noticed a golden dragon
 46895 | Depths:2 | Noticed a caustic shrike
 47085 | Depths:2 | Found a one-way gateway to a ziggurat.
 47104 | Depths:2 | Paralysed by a great orb of eyes for 5 turns
 47117 | Depths:2 | Noticed Asterion
 47598 | Depths:2 | Noticed a caustic shrike
 47602 | Depths:2 | Noticed a golden dragon
 47618 | Depths:1 | Killed a caustic shrike
 47628 | Depths:1 | HP: 10/209 [something (21)]
 47993 | Depths:1 | Killed a golden dragon
 48419 | Depths:2 | Killed Asterion
 48422 | Depths:2 | Killed a caustic shrike
 48423 | Depths:2 | Reached skill level 10 in Maces & Flails
 48657 | Depths:2 | Gained mutation: Your body sometimes deteriorates upon
                  | taking damage. [a shining eye]
 48755 | Depths:2 | Noticed a juggernaut
 48765 | Depths:2 | Killed a juggernaut
 48766 | Depths:2 | Reached skill level 24 in Invocations
 48782 | Depths:2 | Paralysed by a great orb of eyes for 5 turns
 48821 | Depths:2 | Noticed a golden dragon
 48840 | Depths:2 | Killed a golden dragon
 48857 | Depths:2 | Killed a golden dragon
 48920 | Depths:2 | Identified the +3 dagger of Makhleb's Approval {freeze,
                  | rCorr Str+3 Dex-3}
 49613 | Depths:3 | Found a corrupted altar of Lugonu.
 49613 | Depths:3 | Found a one-way gate to the infinite horrors of the Abyss.
 49811 | Depths:3 | Got Hienizxi's Quarto of Misfortune
 50162 | Depths:4 | Entered Level 4 of the Depths
 50214 | Depths:4 | Noticed a caustic shrike
 50216 | Depths:4 | Noticed a caustic shrike
 50219 | Depths:4 | Noticed a caustic shrike
 50223 | Depths:4 | Noticed a caustic shrike
 50225 | Depths:4 | Killed a caustic shrike
 50225 | Depths:4 | Noticed a caustic shrike
 50226 | Depths:4 | Killed a caustic shrike
 50233 | Depths:4 | HP: 10/213 [acid (10)]
 50233 | Depths:4 | HP: 4/213 [caustic shrike (6)]
 50233 | Depths:4 | Splashed by a caustic shrike's acid

Illustrated notes

Levels and vault maps discovered:
D:1:      amcnicky_arrival_double_pillar, layout_rooms,
          ebering_ecumenical_altar_webs, minmay_misc_feat_room,
          minmay_misc_feat_enclosed
D:2:      kennysheep_big_flooded_room, layout_basic
D:3:      layout_basic, nicolae_figureground_sparkle, uniq_sigmund
D:4:      layout_basic, lexackson_kobold_supper
D:5:      layout_basic, palyth_temple_overflow_mages,
          grunt_temple_overflow_open, minmay_temple_entry_grid, st_stairs_13,
          minmay_fractal_squares_gapless_5
D:6:      layout_basic, nicolae_ru_awakened_eye, grunt_ministairs_11
D:7:      layout_basic, minivault_24, nicolae_specific_store,
          eino_small_chamber_without_monster
D:8:      layout_cave_pods, dancing_weapons_uskayaw,
          nicolae_wu_jian_immortal_techniques,
          nemelex_xobeh_ov_fountains_minmay, uniq_joseph
D:9:      minmay_evil_eye, layout_gridville, minmay_lair_entry_lava,
          minivault_25_ag, minmay_microvault
D:10:     layout_rooms, enter_bailey_2
D:11:     layout_long_grid, nicolae_qazlal_general_emergency, uniq_josephine
D:12:     layout_loops_cross, orc_david_3, serial_shops, freezing_bzr,
          gauntlet_entry_generic, okawaru_gym_becter
D:13:     layout_basic, skrybe_vaults_entry_preservation, uniq_urug,
          uniq_jorgrun, uniq_lodul, uniq_kirke
D:14:     layout_cave_pools, enter_trove_3, wad_dig_loot
D:15:     gammafunk_depths_entry_grave, layout_long_grid
Temple:   minmay_temple_curvy_loop
Lair:1:   layout_hall_layers
Lair:2:   layout_regular_city, minmay_shoals_entry_centaurs,
          nicolae_spider_entry_lesser_pyramids, lemuel_centaur_altar,
          uniq_sonja, uniq_gastronok
Lair:3:   layout_small_grid, ebering_ghost_disaster_area
Lair:4:   layout_cave_pods
Lair:5:   wormcave, layout_gridlike, slime_entry_1
Shoals:1: layout_shoals, nzn_prometheus_bound
Shoals:2: layout_shoals, serial_shops, shop, shop,
          nicolae_shop_temple_entry_statues_fountains, shop
Shoals:3: layout_shoals, uniq_ilsuiw, uniq_louise, uniq_polyphemus,
          uniq_bai_suzhen
Shoals:4: shoals_end_simple, layout_shoals
Spider:1: layout_chambers, ebering_ghost_xom, hangedman_spider_tarantella_strand
Spider:2: layout_cave_pods, special_room [special_room_bee]
Spider:3: layout_spider_delve, nicolae_spider_cling_halls
Spider:4: floodkiller_spider_rune_tomb, nicolae_spider_checkerboard
Orc:1:    layout_caves, basic_altar, abandoned_shop
Orc:2:    grunt_orc_community_town_hall, layout_caves,
          grunt_orc_community_big_house_1, grunt_orc_community_big_house_1,
          grunt_orc_community_house_2, grunt_orc_community_house_2,
          grunt_orc_community_house_3, grunt_orc_community_house_2,
          grunt_orc_community_house_2, ebering_ghost_gozag, basic_altar,
          minmay_orc_barracks, uniq_nessos
Vaults:1: grunt_vaults_swirl, v_misc_26, nicolae_vaults_storage_closets_1,
          nicolae_vaults_rhombus_5, ontoclasm_vaults_ligature, v_misc_32,
          nicolae_vaults_alarming, nicolae_vaults_variable_pillar_hall,
          ontoclasm_vaults_shuriken, ontoclasm_vaults_twist, vaults_room_fours,
          layout_vaults_omnigrid, serial_shops, nicolae_shop_gaudy_bauble,
          uniq_donald
Vaults:2: hangedman_vaults_nodes, nicolae_vaults_trapezoid_4,
          nicolae_vaults_six-pack, hangedman_vaults_unwind,
          minmay_crypt_entry_simple_sparse, nicolae_vaults_layer_cake_slice,
          ontoclasm_vaults_gallery, v_misc_2, v_misc_14, v_misc_14,
          vaults_room_mumra_shop_pool, v_rooms_5,
          ontoclasm_vaults_loading_screen, vaults_room_hallway,
          layout_vaults_omnibox, serial_shops, shop_statue, shop_fountains,
          nicolae_shop_tiny_glass, uniq_zenata
Vaults:3: v_misc_13, nicolae_vaults_three_branches, ontoclasm_vaults_hangar,
          ontoclasm_vaults_idyll, v_misc_2, nicolae_vaults_tetromino_T_2,
          v_misc_18, nicolae_vaults_little_squares_6, vaults_room_corners,
          nicolae_vaults_circle_grid_b, nicolae_vaults_doubleplus_tesselated,
          nicolae_vaults_mitosis, nicolae_vaults_little_squares_1,
          vaults_dpeg_hooks, layout_vaults_maze_snakey, serial_shops,
          nicolae_shop_advertising_works [nicolae_subvault_shop_adworks]
Vaults:4: hangedman_vaults_restitches, hangedman_vaults_impose,
          nicolae_vaults_little_squares_3, v_misc_13, v_pattern_4,
          nicolae_vaults_double_plus_3, v_misc_13, nicolae_vaults_asterisk,
          nicolae_vaults_network_square, nicolae_vaults_diffraction_hallways,
          vaults_mumra_hexcomb, layout_vaults_ring, serial_shops, shop_fountains
Depths:1: cross_vault, layout_gridlike, pf_coc_iceberg,
          chequers_serial_rivers_room_a, fountainhead,
          kennysheep_generic_room_13, uniq_aizul
Depths:2: minmay_central_circle, layout_cave_shapes, enter_ziggurat_d,
          hell_entry, serial_shops, nicolae_shop_tiny_glass, minivault_14,
          rand_demon_pan_entry_3, serial_sigils,
          serial_sigils_hangedman_scratch, serial_sigils_hangedman_shear,
          uniq_asterion
Depths:3: minmay_spiral_squares, layout_basic, serial_bayou_pond_e,
          rand_demon_pan_entry_5, hell_entry, abyss_entry_flame_altar,
          nicolae_twisting_strands, serial_bayou_shore_b
Depths:4: evilmike_zot_entry_basic, layout_gridlike, pan_entry,
          minmay_misc_feat_iff, pf_dread_powers_of_hell, grunt_megastairs_1,
          serial_bayou_shore_a, infiniplex_staircase_pool_lava,
          minmay_shoptagon, uniq_sojobo

Skill      XL: |  1  2  3  4  5  6  7  8  9 10 11 12 13 14 15 16 17 18 19 20 21 22 |
---------------+-------------------------------------------------------------------+-----
Axes           | 3 4 5 7 8 9 11 14 15 17 18 20 | 20.0
Fighting       | 4 5 6 7 8 9 11 12 13 14 15 16 18 19 21 | 21.3
Invocations    | 1 5 9 13 15 16 17 19 21 22 23 24 | 24.0
Armour         | 5 7 9 10 12 14 16 | 16.5
Dodging        | 2 4 5 6 7 8 9 11 12 | 12.0
Shields        | 4 7 8 9 10 12 14 15 | 15.0
Evocations     | 5 7 9 |  9.0
Throwing       | 3 6 |  6.0
Maces & Flails | 2 8 11 | 11.5

Action                     |  1- 3 |  4- 6 |  7- 9 | 10-12 | 13-15 | 16-18 | 19-21 | 22-24 || total
---------------------------+-------+-------+-------+-------+-------+-------+-------+-------++-------
  Melee: War axe           |   104 |   130 |   315 |   534 |   124 |       |       |       ||  1207
         Flail             |       |       |       |     5 |    13 |       |       |       ||    18
         Broad axe         |       |       |       |       |   728 |  1329 |  1560 |   312 ||  3929
         Morningstar       |       |       |       |       |     5 |       |       |       ||     5
         Eveningstar       |       |       |       |       |       |       |    11 |       ||    11
   Fire: Sling             |       |    23 |    10 |    75 |    17 |       |       |       ||   125
  Throw: Boomerang         |       |       |       |     3 |    20 |   111 |    28 |       ||   162
 Invoke: Upheaval          |       |       |       |     3 |       |     1 |     2 |       ||     6
         Elemental Force   |       |       |       |       |     7 |     2 |     6 |     4 ||    19
         Disaster Area     |       |       |       |       |     1 |     3 |     2 |     1 ||     7
  Evoke: Wand              |       |       |       |       |     7 |    16 |     3 |     1 ||    27
    Use: Scroll            |     2 |     6 |    11 |     6 |    14 |     3 |     6 |     4 ||    52
         Potion            |       |       |       |     6 |     3 |     9 |     5 |     6 ||    29
   Stab: Paralysed         |       |       |       |       |     3 |     5 |     2 |     4 ||    14
         Distracted        |       |       |       |       |     1 |       |     3 |       ||     4
 Armour: Scale mail        |    45 |    63 |   132 |    33 |       |       |       |       ||   273
         Chain mail        |       |       |       |   189 |   428 |   628 |       |       ||  1245
         Storm dragon scal |       |       |       |       |       |    21 |   398 |    39 ||   458
         Gold dragon scale |       |       |       |       |       |       |       |    91 ||    91
  Dodge: Dodged            |    52 |    72 |    87 |   157 |   320 |   582 |   554 |   138 ||  1962
         Repelled          |       |       |       |       |     7 |     8 |     5 |     6 ||    26
  Block: Buckler           |    17 |    26 |    51 |   248 |   580 |  1091 |   447 |       ||  2460
         Kite shield       |       |       |       |       |       |       |   567 |   327 ||   894
         Reflection        |       |       |       |       |       |       |     4 |     5 ||     9

Table legend: (Time is in decaauts)
 A = Elapsed time spent in this place.
 B = Non-inter-level travel time spent in this place.
 C = Inter-level travel time spent in this place.
 D = Time resting spent in this place.
 E = Time spent auto-exploring this place.
 F = Levels seen in this place.
 G = Mean time per level.
                   A        B        C        D        E       F      G
               +--------+--------+--------+--------+--------+-----+--------+
         Total |  49433 |  44160 |   5273 |   9874 |  23236 |  44 | 1123.5 |
       Dungeon |  15623 |  13786 |   1837 |   3098 |   7823 |  15 | 1041.5 |
        Temple |    172 |    149 |     23 |      0 |    140 |   1 |  172.0 |
          Lair |   7782 |   6380 |   1402 |    760 |   3459 |   5 | 1556.4 |
        Shoals |   4808 |   4369 |    439 |   1216 |   2296 |   4 | 1202.0 |
   Spider Nest |   6226 |   5513 |    713 |   1258 |   3116 |   4 | 1556.5 |
  Orcish Mines |   2012 |   1789 |    223 |    369 |    978 |   2 | 1006.0 |
        Vaults |   5581 |   5226 |    355 |    742 |   3205 |   4 | 1395.2 |
        Depths |   5903 |   5625 |    278 |   2154 |   2070 |   4 | 1475.8 |
         Abyss |    296 |    296 |      0 |     50 |     37 |   2 |  148.0 |
        Bazaar |    132 |    132 |      0 |      0 |      3 |   1 |  132.0 |
        Bailey |    562 |    562 |      0 |    214 |      0 |   1 |  562.0 |
      Gauntlet |    331 |    331 |      0 |     11 |    109 |   1 |  331.0 |
               +--------+--------+--------+--------+--------+-----+--------+

Top non-repeatable levels by time:
  Lair:1: 2664 daAuts
Depths:1: 2285 daAuts
Depths:3: 2148 daAuts
Spider:2: 2027 daAuts
Spider:1: 1853 daAuts
     D:9: 1817 daAuts
  Lair:2: 1767 daAuts
Vaults:1: 1763 daAuts
Spider:4: 1639 daAuts
Vaults:2: 1531 daAuts
    D:13: 1453 daAuts
     D:6: 1439 daAuts
Shoals:1: 1419 daAuts
    D:11: 1411 daAuts
Depths:2: 1407 daAuts
